 Dungeon Crawl Stone Soup version 0.18.1-48-g4cf74bf (webtiles) character file.

36 Krapule the Shield-Bearer (level 3, 0/19 HPs)
             Began as a Vine Stalker Fighter on Aug 8, 2016.
             Was an Initiate of Cheibriados.
             Slain by a gnoll
             ... wielding a +2 spear of freezing
              (4 damage)
             ... on level 2 of the Dungeon.
             The game lasted 00:02:46 (990 turns).

Krapule the Shield-Bearer (Vine Stalker Fighter)     Turns: 990, Time: 00:02:47

Health: 0/19       AC:  5    Str: 19    XL:     3   Next: 37%
Magic:  0/4        EV:  8    Int:  9    God:    Cheibriados [......]
Gold:   58         SH:  9    Dex: 15    Spells: 0 memorised, 2 levels left

rFire  . . .     SeeInvis .       - Unarmed
rCold  . . .     Gourm    .     h - +0 ring mail
rNeg   . . .     Faith    .     b - +0 shield
rPois  .         Spirit   +     (no helmet)
rElec  .         Dismiss  .     (no cloak)
rCorr  .         Reflect  .     (no gloves)
SustAt .         Harm     .     (no boots)
MR     .....     Rnd*Tele +     (no amulet)
Stlth  +.........               (no ring)
                                n - ring of teleportation (curse)

@: very slow, not resistant to hostile enchantments, very unstealthy
A: fangs 2, regeneration 1, magic shield, antimagic bite, no device heal 3, rot
immunity
a: Bend Time, Renounce Religion


You were on level 2 of the Dungeon.
You worshipped Cheibriados.
Cheibriados was noncommittal.
You were not hungry.

You visited 1 branch of the dungeon, and saw 2 of its levels.

You collected 58 gold pieces.

Inventory:

Armour
 b - a +0 shield (worn)
 h - a +0 ring mail (worn)
Magical Staves
 p - an uncursed staff of wizardry {unknown}
Jewellery
 n - a cursed ring of teleportation (left hand)
Wands
 q - a wand of polymorph (8/24)
Scrolls
 a - a scroll of enchant weapon {unknown}
 e - 5 scrolls of identify {unknown}
 f - a scroll of fog {unknown}
 g - a scroll of magic mapping {unknown}
 j - a scroll of blinking {unknown}
 k - 2 scrolls of teleportation {unknown}
 l - a scroll of fear {unknown}
 o - a scroll of recharging {unknown}
Potions
 c - a potion of might
 i - a potion of curing {unknown}
Comestibles
 d - a bread ration
 m - a beef jerky


   Skills:
 + Level 2.7 Fighting
 + Level 2.6 Armour
 + Level 0.7 Dodging
 + Level 1.1 Stealth
 + Level 3.1 Shields
 + Level 2.2 Unarmed Combat
 + Level 0.0 Invocations


You had 2 spell levels left.
You didn't know any spells.

Dungeon Overview and Level Annotations

Branches:
Dungeon (2/15)

Altars:
Cheibriados
Nemelex Xobeh


Innate Abilities, Weirdness & Mutations

You have extremely sharp teeth.
Your natural rate of healing is unusually fast.
When hurt, damage is shared between your health and your magic reserves.
Your bite disrupts and absorbs the magic of your enemies.
Potions and wands cannot restore your health.
You are immune to rotting.


Message History

You hit the gnoll but do no damage. You bite the gnoll, but do no damage.
The gnoll is severely wounded.
The gnoll hits you with a spear! You block the gnoll's attack.
You hit the gnoll but do no damage. You bite the gnoll, but do no damage.
The gnoll is severely wounded.
You block the gnoll's attack. The gnoll hits you but does no damage.
You hit the gnoll but do no damage. You bite the gnoll, but do no damage.
The gnoll is severely wounded.
The gnoll barely misses you. x2; The gnoll completely misses you.
You hit the gnoll. You bite the gnoll. You drain its power.
You feel invigorated.
You kill the gnoll!
Cheibriados appreciates the change of pace.
The gnoll hits you from afar with a spear of freezing.
The gnoll freezes you.
The gnoll hits you from afar with a spear of freezing.
* * * LOW HITPOINT WARNING * * *
The gnoll freezes you.
The gnoll hits you from afar with a spear of freezing.
You die...

#........#.######
#...<....#......# .#
#...............# ..
######g#.###########.##
#.#...........#..#
#g###########.##.# ###.#
#.#..## #..g####### #.#...#
#.#..@....# #.....#
#.#.#####.#########.# #...#
#...........##
##########################..#
##..................(.# ##.#
..........###...#####.# ##..
#..........+.......#.# #...
######'#####...###+#.# #.#.
#.#.....#.......# #.##


You could see a gnoll.

Vanquished Creatures
  A gnoll (D:2)
  An ooze (D:1)
  A dart slug (D:1)
  A giant gecko (D:1)
  6 bats (D:1)
  5 hobgoblins (D:1)
  4 kobolds (D:1)
19 creatures vanquished.

Notes
Turn   | Place    | Note
--------------------------------------------------------------
     0 | D:1      | Krapule the Vine Stalker Fighter began the quest for the Orb.
     0 | D:1      | Reached XP level 1. HP: 11/11 MP: 2/2
   302 | D:1      | Reached XP level 2. HP: 16/16 MP: 3/3
   316 | D:1      | Reached skill level 3 in Shields
   384 | D:1      | Found a sparkling altar of Nemelex Xobeh.
   492 | D:1      | Reached skill level 1 in Stealth
   534 | D:1      | Reached XP level 3. HP: 15/19 MP: 4/4
   920 | D:2      | Found a snail-covered altar of Cheibriados.
   927 | D:2      | Became a worshipper of Cheibriados the Contemplative
   990 | D:2      | Slain by a gnoll

Skill      XL: |  1  2 |
---------------+-------+-----
Shields        | 3 |  3.1
Stealth        | 1 |  1.1
Fighting       | |  2.7
Armour         | |  2.6
Dodging        | |  0.7
Unarmed Combat | |  2.2

Action                   || total
-------------------------++-------
Melee: Unarmed           ||    63
       Bite              ||    21
Armor: Scale mail        ||     3
       Ring mail         ||    17
Dodge: Dodged            ||    20
Block: Shield            ||    26
